 Dungeon Crawl Stone Soup version 0.22.0 (webtiles) character file.

115 troglodite the Skirmisher (level 4, 0/37 HPs)
             Began as a Demonspawn Berserker on Aug 10, 2018.
             Was a Believer of Trog.
             Slain by Sigmund
             ... wielding a +3 scythe of venom
              (14 damage)
             ... on level 2 of the Dungeon.
             The game lasted 00:02:28 (1687 turns).

troglodite the Skirmisher (Demonspawn Berserker)    Turns: 1687, Time: 00:02:29

Health: 0/37       AC:  5    Str: 23    XL:     4   Next: 68%
Magic:  4/4        EV: 12    Int:  8    God:    Trog [**....]
Gold:   38         SH:  0    Dex: 13    Spells: 3/3 levels left

rFire    . . .     SeeInvis .   j - +1 trident (venom)
rCold    . . .     Gourm    .   (no shield)
rNeg     . . .     Faith    .   i - +0 ring mail
rPois    .         Spirit   .   (no helmet)
rElec    .         Reflect  .   (no cloak)
rCorr    .         Harm     .   (no gloves)
MR       .....                  (no boots)
Stlth    ++........             (no amulet)
HPRegen  0.12/turn              (no ring)
MPRegen  0.09/turn              (no ring)

@: mighty, lethally poisoned (0 -> -25), berserk cooldown, slowed, very slow
A: nightstalker 1
a: Berserk, Trog's Hand, Renounce Religion


You were on level 2 of the Dungeon.
You worshipped Trog.
Trog was pleased with you.
You were very hungry.

You visited 1 branch of the dungeon, and saw 2 of its levels.

You collected 38 gold pieces.

Inventory:

Hand Weapons
 a - a +0 falchion
 j - a +1 trident of venom (weapon)
Armour
 i - a +0 ring mail (worn)
Scrolls
 d - a scroll of identify {unknown}
 e - a scroll of magic mapping {unknown}
 f - a scroll of amnesia {unknown}
Comestibles
 c - 8 rations
 g - a chunk of flesh


   Skills:
 * Level 3.9 Fighting
 + Level 3.2 Long Blades
 + Level 0.3 Polearms
 * Level 2.6 Armour
 * Level 2.2 Dodging
 * Level 0.8 Stealth


You had 3 spell levels left.
You didn't know any spells.
Your spell library was empty.

Dungeon Overview and Level Annotations

Branches:
Dungeon (2/15)

Altars:
Cheibriados
Hepliaklqana
Ru
Sif Muna
Uskayaw

Annotations:
D:2 Robin, Sigmund


Innate Abilities, Weirdness & Mutations

You are slightly more attuned to the shadows.


Message History

You feel sick. Robin hits you with a club.
* * * LOW HITPOINT WARNING * * *
Things that are here:
a club; a shield You barely miss Robin.
* * * LOW HITPOINT WARNING * * *
You feel sick. Something hits you but does no damage.
You are more poisoned.
Robin barely misses you. Something hits you.
* * * LOW HITPOINT WARNING * * *
You are more poisoned.
It was a potion of heal wounds.
You feel much better.
You feel very sick. Robin hits you with a club. Something hits you!
Robin hits you but does no damage.
It was a potion of might.
You feel very mighty all of a sudden.
You feel very sick. Robin closely misses you. Something hits you!
You die...

.........#
########.#########
#.....)...###
#######.....#
#.....# #.....#
###.### #.# #@#
#g# #)# ..) .....
......# #......#
........


You could see Robin.

Vanquished Creatures
  Jessica (D:2)
  2 adders (D:2)
  2 gnolls (D:2)
  2 worms (D:2)
  A leopard gecko (D:2)
  2 giant cockroaches
  13 goblins
  6 hobgoblins
  4 jackals (D:1)
  3 bats
  2 frilled lizards
  4 kobolds
42 creatures vanquished.

Notes
Turn   | Place    | Note
-------+----------+-------------------------------------------
     0 | D:1      | troglodite the Demonspawn Berserker began the quest for the Orb.
     0 | D:1      | Reached XP level 1. HP: 18/18 MP: 1/1
   349 | D:1      | Gained mutation: You are slightly more attuned to the shadows. [demonic ancestry]
   349 | D:1      | Reached XP level 2. HP: 24/24 MP: 2/2
  1052 | D:2      | Reached XP level 3. HP: 26/29 MP: 3/3
  1136 | D:2      | Noticed Jessica
  1142 | D:2      | Killed Jessica
  1162 | D:2      | Found a snail-covered altar of Cheibriados.
  1164 | D:2      | Found a deep blue altar of Sif Muna.
  1164 | D:2      | Found a hide-covered altar of Uskayaw.
  1194 | D:2      | Reached ** piety under Trog
  1429 | D:2      | Found a sacrificial altar of Ru.
  1431 | D:2      | Found a hazy altar of Hepliaklqana.
  1546 | D:2      | Reached XP level 4. HP: 36/37 MP: 4/4
  1662 | D:2      | Noticed Robin
  1664 | D:2      | Noticed Sigmund
  1687 | D:2      | Slain by Sigmund

Skill      XL: |  1  2  3 |
---------------+----------+-----
Armour         | 2 |  2.6
Long Blades    | 3 |  3.2
Dodging        | 2 |  2.2
Fighting       | |  3.9
Polearms       | |  0.3
Stealth        | |  0.8

Action                   |  1- 3 |  4- 6 || total
-------------------------+-------+-------++-------
Melee: Falchion          |    61 |       ||    61
       Trident           |     5 |    31 ||    36
Invok: Berserk           |     3 |     1 ||     4
  Use: Potion            |       |     2 ||     2
 Stab: Sleeping          |     1 |       ||     1
  Eat: Chunk             |     4 |     1 ||     5
Armor: Animal skin       |     2 |       ||     2
       Ring mail         |    17 |     6 ||    23
Dodge: Dodged            |    63 |    18 ||    81
       Rpst.: Falchion   |    19 |       ||    19
